 Dungeon Crawl Stone Soup version 0.30-a0-170-g85af917532 (webtiles) character file.

Game seed: 13551845619670074829

44 LnG the Caller (level 3, -3/20 HPs)
             Began as a Kobold Summoner on Sept 30, 2022.
             Slain by a worm (10 damage)
             ... on level 2 of the Dungeon.
             The game lasted 00:02:25 (1749 turns).

LnG the Caller (Kobold Summoner)                    Turns: 1749, Time: 00:02:26

Health: -3/20      AC:  3    Str:  5    XL:     3   Next: 87%
Magic:  4/6        EV: 15    Int: 18    God:
Gold:   56         SH:  0    Dex: 15    Spells: 0/6 levels left

rFire   . . .      SeeInvis .    e - +0 dagger
rCold   . . .      Faith    .    (no shield)
rNeg    . . .      Spirit   .    a - +0 robe
rPois   .          Reflect  .    d - +1 hat
rElec   .          Harm     .    (no cloak)
rCorr   .          Rampage  .    (no gloves)
Will    .....                    (no boots)
Stlth   +++.......               (no amulet)
HPRegen 0.06/turn                (no ring)
MPRegen 0.10/turn                (no ring)

@: lethally poisoned (-3 -> -11)
A: small, no large weapons, nightstalker 3
a: no special abilities


You were on level 2 of the Dungeon.
You visited 1 branch of the dungeon, and saw 2 of its levels.

You collected 56 gold pieces.

Inventory:

Hand Weapons
 e - a +0 dagger (weapon)
Armour
 a - a +0 robe (worn)
 d - a +1 hat (worn)
Scrolls
 g - a scroll of blinking {unknown}
 i - a scroll of enchant weapon {unknown}
Potions
 b - a potion of magic
 c - a potion of brilliance {unknown}
 f - a potion of degeneration {unknown}
 h - a potion of flight {unknown}


   Skills:
 + Level 0.8 Fighting
 + Level 0.7 Short Blades
 + Level 0.2 Axes
 + Level 2.5 Dodging
 + Level 3.5 Stealth
 + Level 2.4 Spellcasting
 + Level 4.5 Summonings


You couldn't memorise any spells.
You knew the following spells:

 Your Spells              Type           Power      Damage    Failure   Level
a - Summon Small Mammal   Summ           72%        N/A       2%          1
b - Call Imp              Summ           18%        N/A       4%          2
c - Call Canine Familiar  Summ           18%        N/A       9%          3

Your spell library contained the following spells:

 Spells                   Type           Power      Damage    Failure   Level
 Summon Guardian Golem    Hex/Summ       10%        N/A       21%         3
 Gell's Gravitas          Tloc           2%         N/A       45%         3
 Lesser Beckoning         Tloc           2%         N/A       45%         3
 Teleport Other           Tloc           2%         N/A       45%         3
 Summon Lightning Spire   Summ/Air       10%        N/A       56%         4
 Animate Dead             Necr           2%         N/A       86%         4
 Borgnjor's Vile Clutch   Necr/Erth      1%         N/A       99%         5
 Death Channel            Necr           1%         N/A       100%        6


Dungeon Overview and Level Annotations

Branches:
Dungeon (2/15)

Altars:


Innate Abilities, Weirdness & Mutations

You are small and have problems with some larger weapons.
You are completely attuned to the shadows.


Message History

You closely miss the bat. The bat hits you but does no damage.
You completely miss the bat. The bat closely misses you.
You hit the bat.
You kill the bat!
No target in view!
No target in view!
You now have 56 gold pieces (gained 9).
You pick up a book of Unlife and begin reading...
You add the spells Animate Dead, Borgnjor's Vile Clutch and Death Channel to your library.
c - an inky potion
h - a viscous puce potion
i - a scroll labelled NIGOUCLYISORCH An endoplasm comes into view.
The helpless endoplasm fails to defend itself.
You puncture the endoplasm!
You kill the endoplasm!
No target in view!
No target in view!
An adder comes into view.
A worm comes into view.
The adder hisses angrily.
The adder bites you.
You are poisoned.
The adder poisons you!
You hit the adder.
The adder is lightly wounded.
You feel sick. The adder misses you.
Your hound barely misses the adder.
Casting: Call Canine Familiar (quite dangerous; 9% risk of failure)
Confirm with . or Enter, or press ? or * to list all spells.
A beastly little devil appears in a puff of flame.
You feel sick. The adder bites you.
Your hound misses the adder. The adder bites you.
You are lethally poisoned!
The adder poisons you!
You hit the adder.
The adder is moderately wounded.
You feel sick.
Your hound bites the adder.
The adder barely misses you. The worm bites you!
Ouch! That really hurt!
You die...

##.. ....### #####
#....###...
###......5.#####
#####..........@S...
#..........##..hw...
##......##.###.......
#................$..
###.####...###.......
............ .##.####
###.# ~~~~~


You could see a worm, an adder (ally target), a friendly hound (summoned) and a
friendly crimson imp (summoned).

Vanquished Creatures
  4 ball pythons (D:1)
  4 endoplasms
  A giant cockroach (D:1)
  4 goblins (D:1)
  A hobgoblin (D:1)
  2 jackals (D:1)
  A kobold (D:1)
  3 bats
  A frilled lizard (D:1)
  3 rats (D:1)
24 creatures vanquished.

Vanquished Creatures (collateral kills)
  An adder (D:2)
  A goblin (D:2)
  A hobgoblin (D:2)
  A jackal (D:1)
  A quokka (D:1)
  2 ball pythons (D:1)
  A rat (D:1)
8 creatures vanquished.

Grand Total: 32 creatures vanquished

Notes
Turn   | Place    | Note
-------+----------+-------------------------------------------
     0 | D:1      | LnG the Kobold Summoner began the quest for the Orb.
     0 | D:1      | Reached XP level 1. HP: 10/10 MP: 3/3
   346 | D:1      | Reached XP level 2. HP: 14/15 MP: 1/5
   548 | D:1      | Learned a level 2 spell: Call Imp
   672 | D:1      | Reached XP level 3. HP: 18/19 MP: 6/6
   696 | D:1      | Learned a level 3 spell: Call Canine Familiar
  1749 | D:2      | Slain by a worm

Illustrated notes

Levels and vault maps discovered:
D:1:      dpeg_arrival_fog, layout_basic, minmay_shallow_snake_nest
D:2:      wander_river, layout_rooms, basic_altar,
          dreamdust_ecumenical_altar_hidden_monk_grotto, cheibrodos_gnoll_hut

Skill      XL: |  1  2  3 |
---------------+----------+-----
Stealth        | 3 |  3.5
Fighting       | |  0.8
Short Blades   | |  0.7
Axes           | |  0.2
Dodging        | |  2.5
Spellcasting   | |  2.4
Summonings     | |  4.5

Action                   || total
-------------------------++-------
Melee: Hand axe          ||    17
       Unarmed           ||     5
       Dagger            ||    62
       Punch             ||     1
 Cast: Summon Small Mamm ||    10
       Call Canine Famil ||     2
       Call Imp          ||     1
  Use: Potion            ||     1
 Stab: Sleeping          ||    13
       Distracted        ||     3
Armor: Robe              ||    18
Dodge: Dodged            ||    65

Table legend: (Time is in decaauts)
 A = Elapsed time spent in this place.
 B = Non-inter-level travel time spent in this place.
 C = Inter-level travel time spent in this place.
 D = Time resting spent in this place.
 E = Time spent auto-exploring this place.
 F = Levels seen in this place.
 G = Mean time per level.
                   A        B        C        D        E       F      G
               +--------+--------+--------+--------+--------+-----+--------+
         Total |   1759 |   1729 |     30 |    198 |   1299 |   2 |  879.5 |
       Dungeon |   1759 |   1729 |     30 |    198 |   1299 |   2 |  879.5 |
               +--------+--------+--------+--------+--------+-----+--------+

Top non-repeatable levels by time:
     D:1: 1598 daAuts
     D:2: 161 daAuts
